 Seeded DCSS version 0.29.1-2-gbd0b4ee654 (webtiles) character file.

Game seed: 4372347837358828098 (custom seed)

2 gzilladon the Shield-Bearer (level 1, 22/23 HPs)
             Began as a Gnoll Fighter on Nov 9, 2022.
             Was a Follower of Sif Muna.
             Quit the game on level 1 of the Dungeon.
             The game lasted 00:00:22 (66 turns).

gzilladon the Shield-Bearer (Gnoll Fighter)           Turns: 66, Time: 00:00:23

Health: 22/23      AC:  7    Str: 15    XL:     1   Next: 40%
Magic:  1/1        EV:  9    Int:  7    God:    Sif Muna [*.....]
Gold:   0          SH:  5    Dex: 11    Spells: 0/0 levels left

rFire   . . .      SeeInvis .   a - +0 war axe
rCold   . . .      Faith    .   c - +0 buckler
rNeg    . . .      Spirit   .   b - +0 scale mail
rPois   .          Reflect  .   (no helmet)
rElec   .          Harm     .   (no cloak)
rCorr   .          Rampage  .   (no gloves)
Will    .....                   (no boots)
Stlth   ..........              (no amulet)
HPRegen 0.07/turn               (no ring)
MPRegen 0.07/turn               (no ring)

@: no status effects
A: fangs 1, strong nose, distributed training
a: Renounce Religion, Channel Magic


You were on level 1 of the Dungeon.
You worshipped Sif Muna.
Sif Muna was aware of your devotion.
You visited 1 branch of the dungeon, and saw 1 of its levels.

Inventory:

Hand Weapons
 a - a +0 war axe (weapon)
Armour
 b - a +0 scale mail (worn)
 c - a +0 buckler (worn)
Potions
 d - a potion of might


   Skills:
 + Level 6.4 Fighting
 + Level 0.0 Short Blades
 + Level 0.0 Long Blades
 + Level 4.4 Axes
 + Level 0.0 Maces & Flails
 + Level 0.0 Polearms
 + Level 0.0 Staves
 + Level 0.0 Ranged Weapons
 + Level 0.0 Throwing
 + Level 6.4 Armour
 + Level 0.0 Dodging
 + Level 0.0 Stealth
 + Level 6.4 Shields
 + Level 0.0 Unarmed Combat
 + Level 0.0 Spellcasting
 + Level 0.0 Conjurations
 + Level 0.0 Hexes
 + Level 0.0 Summonings
 + Level 0.0 Necromancy
 + Level 0.0 Translocations
 + Level 0.0 Transmutations
 + Level 0.0 Fire Magic
 + Level 0.0 Ice Magic
 + Level 0.0 Air Magic
 + Level 0.0 Earth Magic
 + Level 0.0 Poison Magic
 + Level 0.1 Invocations
 + Level 0.0 Evocations


You couldn't memorise any spells.
You didn't know any spells.
Your spell library was empty.

Dungeon Overview and Level Annotations

Branches:
Dungeon (1/15)

Altars:
Sif Muna


Innate Abilities, Weirdness & Mutations

You have very sharp teeth.
Your uncanny sense of smell can sniff out nearby items.
Your experience applies equally to all skills.


Message History

Found 2 stones.
There is a fountain of clear blue water here.
A bat comes into view.
You block the bat's attack. The bat attacks as you move away!
The bat hits you but does no damage. x2
The bat hits you but does no damage.
A ball python comes into view.
The ball python hisses angrily.
The bat hits you but does no damage. The bat hits you.
You block the bat's attack.
The ball python bites you but does no damage.
The ball python grabs you. The ball python constricts you.
The ball python's grasp on you weakens, but your attempt to escape fails.
The ball python barely misses you. The ball python constricts you.
The bat hits you but does no damage.
You escape the ball python's grasp.
The bat closely misses you. The ball python barely misses you.
The ball python grabs you. The ball python constricts you.
You miss the bat. You closely miss the ball python. The bat hits you.
The ball python bites you but does no damage.
The ball python constricts you.
You closely miss the bat. You slash the ball python!
You kill the ball python!
The bat hits you but does no damage. The bat barely misses you.
You barely miss the bat. You bite the bat.
The bat is heavily wounded.
The bat hits you. You block the bat's attack. x2
The bat barely misses you.
You slash the bat!
You kill the bat!
You see here a bat corpse.
Found a faded altar of an unknown god.
Found a leather armour.
There is a faded altar of an unknown god here.
You cannot tell which god this altar belongs to.
Convert to them anyway?
Sif Muna accepts your prayer! Sif Muna welcomes you!
You can now call upon Sif Muna for magical energy.
Are you sure you want to abandon this character and quit the game? (Confirm with "yes".)

∆ #+# #.##### #.....#
##.###.# ♣♣♣♣♣♣♣♣
##...##.# ♣♣..8_8.♣♣
##.....#.#♣♣....@...♣
..........♣...♣.[.♣♣..♣
####.###.#♣.♣♣♣.⌠.♣ ♣.#
#.......♣♣ ♣...♣ #
#.####### ♣.♣.♣ #.#
..♣♣. #.# .♣♣ ♣. ... ♣.
.♣ ..#


There were no monsters in sight!

Vanquished Creatures
  A ball python (D:1)
  A bat (D:1)
2 creatures vanquished.

Notes
Turn   | Place    | Note
-------+----------+-------------------------------------------
     0 | D:1      | gzilladon the Gnoll Fighter began the quest for the Orb.
     0 | D:1      | Reached XP level 1. HP: 23/23 MP: 1/1
    53 | D:1      | Found a faded altar of an unknown god.
    64 | D:1      | Prayed at the altar of an unknown god.
    64 | D:1      | Became a worshipper of Sif Muna the Loreminder
    64 | D:1      | Reached * piety under Sif Muna
    66 | D:1      | Quit the game

Illustrated notes

Levels and vault maps discovered:
D:1:      dpeg_arrival_chambers_temple_mockup, layout_loops_corners,
          shapermc_ecumenical_altar_totnotflames, hex_tiny, minmay_heptomino_l4

Action                   || total
-------------------------++-------
Melee: War axe           ||     4
       Bite              ||     1
Armor: Scale mail        ||     8
Dodge: Dodged            ||     5
Block: Buckler           ||     4
